 Dungeon Crawl Stone Soup version 0.31-a0-771-g505c3d19dc (webtiles) character file.

Game seed: 2134657499038612655

67 Demosthentine the Poker (level 3, -1/28 HPs)
             Began as a Demonspawn Gladiator on Sept 16, 2023.
             Slain by Sigmund
             ... wielding a +0 scythe
              (5 damage)
             ... on level 2 of the Dungeon.
             The game lasted 00:01:38 (1409 turns).

Demosthentine the Poker (Demonspawn Gladiator)      Turns: 1409, Time: 00:01:38

Health: -1/28      AC:  4    Str: 16    XL:     3   Next: 98%
Magic:  3/3        EV: 12    Int:  9    God:
Gold:   83         SH:  0    Dex: 14    Spells: 2/2 levels left

rFire   . . .        a - +0 trident
rCold   . . .        (no shield)
rNeg    . . .        b - +0 leather armour
rPois   .            c - +0 helmet
rElec   .            (no cloak)
rCorr   .            (no gloves)
SInv    .            (no boots)
Will    .....        (no amulet)
Stlth   +            (no ring)
HPRegen 0.24/turn    (no ring)
MPRegen 0.08/turn

%: no passive effects
@: confused, hasted, very quick
A: ignite blood 1, weakness stinger 1
a: no special abilities


You were on level 2 of the Dungeon.
You visited 1 branch of the dungeon, and saw 2 of its levels.

You collected 83 gold pieces.

Inventory:

Hand Weapons
 a - a +0 trident (weapon)
Missiles
 d - 2 throwing nets (quivered)
 e - a javelin
Armour
 b - a +0 leather armour (worn)
 c - a +0 helmet (worn)
Scrolls
 i - a scroll of enchant armour {unknown}
 j - a scroll of teleportation {unknown}
Potions
 h - a potion of lignification


   Skills:
 + Level 2.6 Fighting
 + Level 3.2 Polearms
 - Level 1.7 Throwing
 + Level 1.4 Armour
 + Level 3.2 Dodging


You had 2 spell levels left.
You didn't know any spells.
Your spell library contained the following spells:

 Spells                   Type           Power      Damage    Failure   Level
 Necrotise                Necr           0%         1d4       45%         1
 Vampiric Draining        Necr           0%         2d6       83%         3
 Agony                    Necr           0%         N/A       100%        5


Dungeon Overview and Level Annotations

Branches:
Dungeon (2/15)

Altars:

Annotations:
D:2 1 runed translucent door, Crazy Yiuf, Sigmund


Innate Abilities, Weirdness & Mutations

Your demonic aura sometimes causes spilled blood to erupt in flames.
You have a small tail.


Message History

Unknown command.
You bump into the rock wall.
Sigmund says, "You will soon forget everything."
Sigmund zaps a wand.
The puff of flame hits you.
* * * LOW HITPOINT WARNING * * *
Sigmund zaps a wand.
The puff of flame hits you.
* * * LOW HITPOINT WARNING * * *
You see here a frilled lizard corpse.
You're too confused to move!
Sigmund barely misses you.
It was a potion of haste.
You feel yourself speed up.
Unknown command.
You feel less confused. Sigmund barely misses you.
You see here a throwing net.
You see here a frilled lizard corpse.
You hit Sigmund.
Sigmund is heavily wounded.
Sigmund gestures at you while chanting.
You are confused.
You're too confused to move!
Sigmund barely misses you.
You see here a throwing net.
Unknown command.
You bump into the rock wall.
Sigmund closely misses you.
You see here a frilled lizard corpse.
You barely miss Sigmund.
Sigmund is heavily wounded.
Sigmund mumbles some strange words.
Sigmund flickers and vanishes!
Deactivating autopickup; reactivate with Ctrl-A.
Unknown command.
You see here a throwing net.
The kobold throws a stone.
The stone hits you.
* * * LOW HITPOINT WARNING * * *
You hear a zap.
A puff of flame appears from out of thin air!
The puff of flame misses you.
You see here a frilled lizard corpse.
Unknown command.
You bump into the rock wall.
Something hits you.
You die...

. ... ## .....####.# ###
.....$....# #)..### ..
#+#+####..# #...+.##
...####.#.#.....# #...##..
........#(#...### ### ###
........#@#<..# #
........#{#...#
...K....#K..#.############
.####...!..#>.....+...)......
~~~.~~.~.~...~.~~~.~......###
≈≈≈~≈≈≈≈≈.≈≈≈≈≈~≈≈≈≈≈~...###
..
♣≈.≈♣♣♣≈@≈♣♣♣≈~≈♣♣♣≈~...#..
..≈ ♣≈.≈♣ ♣≈~≈♣ ♣≈~≈♣
♣≈...##..
..≈♣♣♣≈.≈♣♣♣≈~≈♣♣♣≈.≈♣
♣≈~.###..


You could see a kobold.

Vanquished Creatures
  Terence (D:2)
  8 ball pythons
  3 endoplasms
  A giant cockroach (D:2)
  A hobgoblin (D:1)
  7 jackals
  4 kobolds
  A quokka (D:1)
  3 bats
  4 frilled lizards
  7 rats
40 creatures vanquished.

Notes
Turn   | Place    | Note
-------+----------+-------------------------------------------
     0 | D:1      | Demosthentine the Demonspawn Gladiator began the quest for
                  | the Orb.
     0 | D:1      | Reached XP level 1. HP: 16/16 MP: 1/1
   344 | D:1      | Gained mutation: You have a small tail. [demonic ancestry]
   344 | D:1      | Reached XP level 2. HP: 18/22 MP: 2/2
   707 | D:1      | Reached skill level 1 in Armour
   778 | D:2      | Noticed Terence
   795 | D:2      | Killed Terence
   796 | D:2      | Gained mutation: Your demonic aura sometimes causes spilled
                  | blood to erupt in flames. [demonic ancestry]
   796 | D:2      | Reached XP level 3. HP: 15/28 MP: 3/3
  1082 | D:2      | Found a runed translucent door.
  1083 | D:2      | Noticed Crazy Yiuf
  1141 | D:2      | Noticed Sigmund
  1279 | D:2      | HP: 1/28 [Sigmund/puff of flame (11)]
  1409 | D:2      | Slain by Sigmund

Illustrated notes

Levels and vault maps discovered:
D:1:      minmay_arrival_three_doors, layout_basic
D:2:      layout_basic, kennysheep_boxes, uniq_crazy_yiuf_cottage, uniq_sigmund,
          uniq_terence

Skill      XL: |  1  2 |
---------------+-------+-----
Polearms       | 3 |  3.2
Dodging        | 3 |  3.2
Armour         | 1 |  1.4
Fighting       | |  2.6
Throwing       | |  1.7

Action                     || total
---------------------------++-------
  Melee: Trident           ||   101
         Tailslap          ||     4
         Punch             ||     1
  Throw: Throwing net      ||     1
    Use: Scroll            ||     2
         Potion            ||     4
   Stab: Sleeping          ||     1
 Armour: Leather armour    ||    52
  Dodge: Dodged            ||    63

Table legend: (Time is in decaauts)
 A = Elapsed time spent in this place.
 B = Non-inter-level travel time spent in this place.
 C = Inter-level travel time spent in this place.
 D = Time resting spent in this place.
 E = Time spent auto-exploring this place.
 F = Levels seen in this place.
 G = Mean time per level.
                   A        B        C        D        E       F      G
               +--------+--------+--------+--------+--------+-----+--------+
         Total |   1437 |   1402 |     35 |      0 |   1091 |   2 |  718.5 |
       Dungeon |   1437 |   1402 |     35 |      0 |   1091 |   2 |  718.5 |
               +--------+--------+--------+--------+--------+-----+--------+

Top non-repeatable levels by time:
     D:1: 879 daAuts
     D:2: 558 daAuts
